 Dungeon Crawl Stone Soup version 0.22.0 (webtiles) character file.

310 inmateoo the Poker (level 6, -4/55 HPs)
             Began as a Minotaur Fighter on Aug 11, 2018.
             Killed from afar by an orc wizard (7 damage)
             ... with a magic dart
             ... on level 4 of the Dungeon.
             The game lasted 00:01:35 (2081 turns).

inmateoo the Poker (Minotaur Fighter)               Turns: 2081, Time: 00:01:36

Health: -4/55      AC: 12    Str: 23    XL:     6   Next: 17%
Magic:  5/5        EV: 21    Int:  5    God:
Gold:   134        SH: 10    Dex:  9    Spells: 5/5 levels left

rFire    . . .     SeeInvis .   a - +0 trident
rCold    + . .     Gourm    .   c - +0 shield
rNeg     . . .     Faith    .   k - +0 chain mail
rPois    .         Spirit   .   p - +1 hat
rElec    .         Reflect  .   t - +0 cloak
rCorr    .         Harm     .   (no gloves)
MR       .....                  (no boots)
Stlth    ..........             i - amulet of the acrobat
HPRegen  0.18/turn              e - ring of wizardry
MPRegen  0.09/turn              j - ring of protection from cold

@: no status effects
A: retaliatory headbutt, horns 2
a: no special abilities


You were on level 4 of the Dungeon.
You were hungry.

You visited 1 branch of the dungeon, and saw 4 of its levels.

You collected 134 gold pieces.

Inventory:

Hand Weapons
 a - a +0 trident (weapon)
Armour
 c - a +0 shield (worn)
 k - a +0 chain mail (worn)
 p - a +1 hat (worn)
 t - a +0 cloak (worn)
Jewellery
 d - an uncursed ring of resist corrosion {unknown}
 e - a ring of wizardry (left hand)
 i - an amulet of the acrobat (around neck)
 j - a ring of protection from cold (right hand)
 s - an uncursed ring of wizardry
Scrolls
 g - 3 scrolls of identify {unknown}
 h - a scroll of magic mapping {unknown}
 m - 2 scrolls of remove curse {unknown}
 n - a scroll of blinking {unknown}
 o - a scroll of fear {unknown}
 q - 2 scrolls of teleportation {unknown}
Potions
 b - a potion of heal wounds {unknown}
 l - a potion of haste {unknown}
 r - 2 potions of degeneration {unknown}
Comestibles
 f - 6 rations


   Skills:
 + Level 4.9 Fighting
 * Level 5.3 Polearms
 + Level 4.9 Armour
 + Level 4.9 Shields


You had 5 spell levels left.
You didn't know any spells.
Your spell library was empty.

Dungeon Overview and Level Annotations

Branches:
Dungeon (4/15)
 Temple: D:4-7

Altars:
Cheibriados
Hepliaklqana


Innate Abilities, Weirdness & Mutations

You reflexively headbutt those who attack you in melee.
You have a pair of horns on your head.


Message History

You are too injured to fight recklessly!
You are too injured to fight recklessly!
You are too injured to fight recklessly!
You are too injured to fight recklessly!
You are too injured to fight recklessly!
You are too injured to fight recklessly!
You are too injured to fight recklessly!
You are too injured to fight recklessly!
Unknown command.
Okay, then.
The orc priest calls upon Beogh to heal the orc wizard.
The orc wizard's wounds heal themselves!
The orc priest mumbles some strange prayers to Beogh against you.
Beogh smites you!
The orc priest calls down the wrath of Beogh upon you.
Beogh smites you!
* * * LOW HITPOINT WARNING * * *
The orc wizard casts a spell at you. The magic dart hits you!
You die...

### #<# #.#
#.# #.#
#.#########
#..@.o....#
#########o#
#.# #o# #.#
#o# #)# ..#
.(.#


You could see an orc priest and an orc wizard.

Vanquished Creatures
  Sigmund (D:2)
  An orc priest (D:3)
  Terence (D:2)
  2 oozes (D:2)
  2 worms
  2 dart slugs
  A leopard gecko (D:2)
  11 orcs
  A ball python (D:3)
  4 giant cockroaches
  6 goblins
  6 hobgoblins
  2 quokkas
  6 bats
  3 frilled lizards
  4 kobolds
  4 rats (D:3)
57 creatures vanquished.

Notes
Turn   | Place    | Note
-------+----------+-------------------------------------------
     0 | D:1      | inmateoo the Minotaur Fighter began the quest for the Orb.
     0 | D:1      | Reached XP level 1. HP: 19/19 MP: 0/0
   424 | D:2      | Reached XP level 2. HP: 27/27 MP: 1/1
   426 | D:2      | Noticed Terence
   447 | D:2      | Killed Terence
   447 | D:2      | Reached skill level 3 in Polearms
   447 | D:2      | Reached XP level 3. HP: 33/33 MP: 2/2
  1083 | D:3      | Noticed Sigmund
  1199 | D:2      | Killed Sigmund
  1199 | D:2      | Reached skill level 5 in Polearms
  1199 | D:2      | Reached XP level 4. HP: 13/41 MP: 3/3
  1199 | D:2      | Reached XP level 5. HP: 15/47 MP: 4/4
  1487 | D:3      | Found a hazy altar of Hepliaklqana.
  1502 | D:3      | Reached XP level 6. HP: 54/55 MP: 5/5
  1700 | D:3      | Found a snail-covered altar of Cheibriados.
  2080 | D:4      | HP: 2/55 [orc priest/divine providence (16)]
  2081 | D:4      | Killed from afar by an orc wizard

Skill      XL: |  1  2  3 |
---------------+----------+-----
Fighting       | 4 |  4.9
Polearms       | 3 5 |  5.3
Armour         | 4 |  4.9
Shields        | 4 |  4.9

Action                   |  1- 3 |  4- 6 || total
-------------------------+-------+-------++-------
Melee: Trident           |    65 |    84 ||   149
       Headbutt          |     9 |    17 ||    26
  Use: Potion            |     1 |       ||     1
  Eat: Chunk             |       |     3 ||     3
Armor: Scale mail        |     7 |       ||     7
       Chain mail        |     9 |    19 ||    28
Dodge: Dodged            |    16 |    13 ||    29
Block: Shield            |    19 |    19 ||    38
